 Dungeon Crawl Stone Soup version 0.29-a0-275-g389c0b56f3 (webtiles) character file.

Game seed: 1390088701078951053

39 Hubjo the Skirmisher (level 3, -1/34 HPs)
             Began as a Demonspawn Wanderer on Mar 9, 2022.
             Killed from afar by Natasha (6 damage)
             ... with a magic dart
             ... on level 2 of the Dungeon.
             The game lasted 00:02:14 (2521 turns).

Hubjo the Skirmisher (Demonspawn Wanderer)          Turns: 2521, Time: 00:02:15

Health: -1/34      AC:  5    Str: 14    XL:     3   Next: 28%
Magic:  5/5        EV: 10    Int: 11    God:
Gold:   65         SH:  6    Dex: 12    Spells: 4/4 levels left

rFire   . . .      SeeInvis .   a - +0 club
rCold   . . .      Faith    .   f - +2 buckler
rNeg    . . .      Spirit   .   e - +0 leather armour
rPois   .          Reflect  .   (no helmet)
rElec   .          Harm     .   (no cloak)
rCorr   .          Rampage  .   (no gloves)
Will    .....                   (no boots)
Stlth   +.........              (no amulet)
HPRegen 0.11/turn               (no ring)
MPRegen 0.09/turn               (no ring)

@: no status effects
A: molten scales 1, robust 2, weak 1, MP-powered wands
a: no special abilities


You were on level 2 of the Dungeon.
You visited 1 branch of the dungeon, and saw 2 of its levels.

You collected 65 gold pieces.

Inventory:

Hand Weapons
 a - a +0 club (weapon)
Armour
 e - a +0 leather armour (worn)
 f - a +2 buckler (worn)
Wands
 c - a wand of flame (4) (quivered)
Scrolls
 b - a scroll of vulnerability
 i - 2 scrolls of identify
 j - a scroll of brand weapon {unknown}
 k - a scroll of magic mapping
 m - a scroll of noise
Potions
 d - a potion of brilliance


   Skills:
 * Level 3.5 Fighting
 + Level 1.4 Armour
 + Level 0.6 Dodging
 + Level 1.2 Stealth
 - Level 1.7 Shields
 + Level 1.3 Spellcasting
 + Level 2.3 Evocations


You had 4 spell levels left.
You didn't know any spells.
Your spell library contained the following spells:

 Spells                   Type           Power      Damage    Failure   Level
 Call Canine Familiar     Summ           0%         N/A       83%         3
 Portal Projectile        Hex/Tloc       0%         N/A       83%         3
 Leda's Liquefaction      Hex/Erth       0%         N/A       99%         4
 Olgreb's Toxic Radiance  Pois           0%         N/A       99%         4
 Ozocubu's Refrigeration  Ice            0%         4d5       100%        7
 Ignition                 Fire           0%         3d3       100%        8


Dungeon Overview and Level Annotations

Branches:
Dungeon (2/15)

Altars:

Annotations:
D:2 Natasha


Innate Abilities, Weirdness & Mutations

You are partially covered in molten scales. (AC +2)
You are very robust. (+20% HP)
You are weak. (Str -2)
You expend magic power (3 MP) to strengthen your wands.


Message History

You closely miss the adder.
The adder is heavily wounded.
You block the adder's attack. The endoplasm misses you.
The goblin completely misses you. You block the adder's attack.
You barely miss the adder.
The adder is heavily wounded.
You block the goblin's attack. The endoplasm freezes you.
You are frozen.
The adder bites you but does no damage. You block the goblin's attack.
You block the endoplasm's attack.
You hit the adder.
The adder is heavily wounded.
The adder bites you but does no damage. The adder barely misses you.
The endoplasm hits you but does no damage.
The goblin hits you but does no damage.
You closely miss the adder.
The adder is heavily wounded.
The adder bites you. The endoplasm freezes you.
You are frozen.
The goblin hits you but does no damage. The adder bites you.
You are too injured to fight recklessly!
You are too injured to fight recklessly!
You are too injured to fight recklessly!
You hit the adder.
The adder is severely wounded.
The endoplasm freezes you.
You are frozen.
The adder misses you. The goblin hits you with a +0 dagger.
* * * LOW HITPOINT WARNING * * *
You block the adder's attack. The endoplasm freezes you.
You are frozen.
* * * LOW HITPOINT WARNING * * *
The goblin barely misses you.
As you read the scroll labelled YZETOM KOEQA, it crumbles to dust.
It is a scroll of identify.
k - a scroll of magic mapping Natasha hisses angrily.
Natasha stares at you and mumbles some strange words.
The magic dart hits you.
You die...

#........##......# #
........#.##......# #
..........##......# #
.......#..##......######
.......+...'............
##.....##'##.......#####
#..........#.......# #..
#.....J....#######.# #..
......g@........ #.# #..
#....^.S........ #.# #..
#............... #.# #..
#...............##.###..
###########.....##......
#.....##......
##..h..##...... #......
#...... #.....# #.#####


You could see Natasha, an adder, an endoplasm and a goblin.

Vanquished Creatures
  An adder (D:2)
  2 endoplasms
  3 giant cockroaches
  3 hobgoblins
  2 quokkas (D:1)
  3 ball pythons (D:1)
  6 bats
  2 frilled lizards
  3 goblins
  A kobold (D:1)
  4 rats
30 creatures vanquished.

Notes
Turn   | Place    | Note
-------+----------+-------------------------------------------
     0 | D:1      | Hubjo the Demonspawn Wanderer began the quest for the Orb.
     0 | D:1      | Hubjo set off with the following items: a +0 club, a scroll
                  | of vulnerability, a wand of flame (4), a potion of
                  | brilliance, a +0 leather armour, a +2 buckler
     0 | D:1      | Reached XP level 1. HP: 18/18 MP: 2/2
   480 | D:1      | Gained mutation: You are partially covered in molten
                  | scales. (AC +2) [demonic ancestry]
   480 | D:1      | Reached XP level 2. HP: 24/24 MP: 3/3
  1189 | D:2      | Gained mutation: You are robust. (+10% HP) [potion of
                  | mutation]
  1189 | D:2      | Gained mutation: You are weak. (Str -2) [potion of
                  | mutation]
  1189 | D:2      | Gained mutation: You are very robust. (+20% HP) [potion of
                  | mutation]
  1189 | D:2      | Gained mutation: You expend magic power (3 MP) to
                  | strengthen your wands. [potion of mutation]
  1190 | D:2      | HP: 1/42 [adder (4)]
  1195 | D:2      | Reached XP level 3. HP: 2/34 MP: 4/4
  1996 | D:2      | Noticed Natasha
  2521 | D:2      | Killed from afar by Natasha

Illustrated notes

Levels and vault maps discovered:
D:1:      matt_arrival_refuge, layout_basic
D:2:      layout_basic, uniq_natasha

Action                   || total
-------------------------++-------
Melee: Club              ||   164
  Use: Potion            ||     2
       Scroll            ||     3
 Stab: Sleeping          ||     3
Armor: Leather armour    ||    69
       Skin              ||     6
Dodge: Dodged            ||   104
Block: Buckler           ||    65

Table legend: (Time is in decaauts)
 A = Elapsed time spent in this place.
 B = Non-inter-level travel time spent in this place.
 C = Inter-level travel time spent in this place.
 D = Time resting spent in this place.
 E = Time spent auto-exploring this place.
 F = Levels seen in this place.
 G = Mean time per level.
                   A        B        C        D        E       F      G
               +--------+--------+--------+--------+--------+-----+--------+
         Total |   2607 |   2591 |     16 |    867 |   1355 |   2 | 1303.5 |
       Dungeon |   2607 |   2591 |     16 |    867 |   1355 |   2 | 1303.5 |
               +--------+--------+--------+--------+--------+-----+--------+

Top non-repeatable levels by time:
     D:2: 1407 daAuts
     D:1: 1199 daAuts
